Introsp3ctive, chaotic female elven Wizard ---- ---..-- --- ---.....| --.. |......-- |...--- |...^...| --.....| ---.....------ |......--- --...>.--..-- -.......-- ---.....d@...| -- |........|----*..h...G...-- |..). ---........--.|............| -........................|.--.-.| ---............)........|.----|-..| -.......................*..--.---- |...| |.. --............--..------ |..-- --- ---- `G.........-- ---- ............| |.............- |.............` ---........--- ----.|.-- ---- Introsp3ctive the Thaumaturge Experience level: 6 Strength: 12 Dexterity: 12 Constitution: 14 Intelligence: 20 Wisdom: 12 Charisma: 10 Health: 0(51) Energy: 8(68) Def: 4 Gold: 1138 Moves: 3950 Dungeon seed: SWOs-fLvV648_e2u Game ID: Introsp3ctive_1469845942 Your Inventory: Coins $ - 1138 gold pieces Weapons a - a blessed +1 quarterstaff (alternate weapon; not wielded) u - an uncursed +0 orcish dagger (weapon in hand) J - an uncursed -3 dagger O - 4 blessed +1 daggers T - 3 cursed -2 darts V - an uncursed +1 dagger W - 7 uncursed +0 darts (in quiver) Armor e - an uncursed +0 cloak of magic resistance (being worn) n - an uncursed +0 dwarvish iron helm (being worn) q - an uncursed +0 pair of water walking boots r - an uncursed +0 dwarvish cloak y - an uncursed +1 dwarvish cloak z - an uncursed +0 pair of iron shoes Y - an uncursed +0 pair of kicking boots (being worn) Comestibles s - 8 uncursed food rations L - an uncursed lichen corpse Scrolls f - 2 uncursed scrolls of identify i - 3 uncursed scrolls of identify Potions b - an uncursed potion of object detection Wands I - an uncursed wand of polymorph (0:5) Tools h - an uncursed skeleton key k - an uncursed skeleton key C - an uncursed tin whistle K - an uncursed mirror N - an uncursed blindfold Q - 4 uncursed wax candles (0:400) R - an uncursed blindfold S - an uncursed credit card X - 2 blessed tallow candles (0:200) Spells and supernatural/magical abilities: Name Level Category Fail Memory a - force bolt 1 attack 3% 81% e - charm monster 3 enchantment 8% 81% W - pray for help -- divine ? -- Your skills at the end: Fighting Skills Weapon Skills dagger [Skilled] quarterstaff [Basic] Spellcasting Skills attack spells [Basic] enchantment spells [Basic] Final Attributes: You were piously aligned. You were sleep resistant. You were magic-protected. You were telepathic. You had infravision. You could teleport. You are dead. Vanquished creatures: a small mimic a giant beetle a fire ant a water nymph a mountain nymph 2 rock piercers a fog cloud 4 gnome lords 2 gnomish wizards 2 giant ants 2 floating eyes 5 dwarves a kobold lord 3 hill orcs a rabid rat 3 dwarf zombies 4 hobbits a large kobold a hobgoblin 3 giant rats 2 cave spiders a yellow mold a green mold 16 gnomes a gnome zombie a gecko 17 jackals 4 goblins 2 sewer rats 3 grid bugs 6 lichens a kobold zombie 6 newts 101 creatures vanquished. Voluntary challenges: You used a wielded weapon 109 times, starting on turn 78. You read items or engraved 4 times, starting on turn 2293. You never genocided any monsters. You never polymorphed an object. You never changed form. You used no wishes. You never split a pudding. You wrote Elbereth's name 1 time, starting on turn 2596. You never violated your personal moral code. Dungeon overview: The Dungeons of Doom: levels 1 to 4 Level 1 an altar to Ptah a long staircase Level 2 a general store Level 3 Level 4 (<>) a scroll shop, an altar to Ptah stairs to The Gnomish Mines The Gnomish Mines: levels 5 to 8 Level 5 stairs to The Dungeons of Doom Level 6 <- You were here Level 7 many shops, a temple to Anhur, some fountains Level 8 History has recorded: On T:1 you entered the Dungeons of Doom to retrieve the Amulet of Yendor! On T:554 you advanced to experience level 2. On T:622 you reached level 2 of The Dungeons of Doom. On T:921 you reached level 3 of The Dungeons of Doom. On T:967 you advanced to experience level 3. On T:1358 you reached level 4 of The Dungeons of Doom. On T:2153 you reached level 1 of The Gnomish Mines. On T:2175 you advanced to experience level 4. On T:2307 you reached level 2 of The Gnomish Mines. On T:2353 you advanced to experience level 5. On T:3162 you reached level 3 of The Gnomish Mines. On T:3287 you advanced to experience level 6. On T:3866 you reached level 4 of The Gnomish Mines. Score breakdown: Gold: 1138 (10397 points) Experience: 6 levels (12456 points) Exploration: 8 levels ( 15.38%) (11114 points) Discoveries: 6 items ( 2.17%) ( 4415 points) Valuables value: (no points given unless you survive) Artifact value: 0 ( 0 points) Variety of kills: 33 monsters ( 8.66%) ( 8829 points) Turncount: 3950 turns (-1006 points) Survival: died (score multiplied by 80%) Total score: 36964 Latest messages: The gnome lord hits! You kill the gnome lord! There are a few objects here. The gnome king picks up a yellow gem. j - a gnome lord corpse. You rebalance your load. Movement is difficult. You drop a gnome lord corpse. Your movements are now unencumbered. You engrave in the floor with an uncursed dagger. Your dagger gets dull. You are only able to write "Elberet". The hobbit picks up a gem. The gnome king wields a thonged club! The little dog bites! The gnome king swings his thonged club. The gnome king hits! The little dog bites! You die... Final status: Goodbye Introsp3ctive the Wizard, killed by a little dog, while engraving... You died in The Gnomish Mines on dungeon level 6 with 36964 points, and 1138 pieces of gold, after 3950 moves. You were level 6 with a maximum of 51 hit points when you died.